 Dungeon Crawl Stone Soup version 0.22-a0-533-g4d20840 (webtiles) character file.

39 pmoppi the Insei (level 3, -1/18 HPs)
             Began as a Vine Stalker Transmuter on June 23, 2018.
             Slain by Crazy Yiuf
             ... wielding a +2 quarterstaff of chaos
              (8 damage)
             ... on level 2 of the Dungeon.
             The game lasted 00:02:20 (1674 turns).

pmoppi the Insei (Vine Stalker Transmuter)          Turns: 1674, Time: 00:02:20

Health: -1/18      AC:  2    Str: 12    XL:     3   Next: 45%
Magic:  0/7        EV: 20    Int: 14    God:
Gold:   64         SH:  0    Dex: 19    Spells: 2/6 levels left

rFire    . . .     SeeInvis .     - Unarmed
rCold    . . .     Gourm    .   (shield currently unavailable)
rNeg     . . .     Faith    .   (armour currently unavailable)
rPois    x         Spirit   +   (helmet currently unavailable)
rElec    .         Reflect  .   (cloak currently unavailable)
rCorr    .         Harm     .   (gloves currently unavailable)
MR       .....                  (boots currently unavailable)
Stlth    ++........             (no amulet)
HPRegen  0.06/turn              (no ring)
MPRegen  0.10/turn              (no ring)

@: spider-form (expiring)
A: tiny, magic shield, no potion heal 3, rot immunity
a: End Transformation


You were on level 2 of the Dungeon.
You were hungry.
You were a venomous arachnid creature.
You visited 1 branch of the dungeon, and saw 2 of its levels.

You collected 64 gold pieces.

Inventory:

Missiles
 a - 28 arrows
Armour
 b - a +0 robe (melded)
 o - a +0 pair of gloves
Scrolls
 e - 2 scrolls of fog {unknown}
 f - a scroll of fear {unknown}
 i - 3 scrolls of identify {unknown}
 j - a scroll of teleportation {unknown}
Potions
 c - a potion of lignification {unknown}
 g - a potion of brilliance {unknown}
 h - a potion of heal wounds {unknown}
 l - 2 potions of curing {unknown}
 m - 2 potions of flight {unknown}
 n - 2 potions of degeneration {unknown}
Comestibles
 d - 7 rations


   Skills:
 + Level 1.4 Fighting
 + Level 2.0 Dodging
 * Level 3.7 Unarmed Combat
 + Level 2.2 Spellcasting
 + Level 2.0 Transmutations
 + Level 0.3 Poison Magic


You had 2 spell levels left.
You knew the following spells:

 Your Spells              Type           Power        Failure   Level  Hunger
a - Beastly Appendage     Tmut           #.....       24%         1    #......
b - Spider Form           Tmut/Pois      #.........   61%         3    ###....

Your spell library contained the following spells:

 Spells                   Type           Power        Failure   Level  Hunger
 Blade Hands              Tmut           #.........   99%         5    ######.
 Ice Form                 Ice/Tmut       #.......     94%         4    #####..
 Sticks to Snakes         Tmut           #.......     34%         2    ###....


Dungeon Overview and Level Annotations

Branches:
Dungeon (2/15)

Altars:

Annotations:
D:2 Crazy Yiuf


Innate Abilities, Weirdness & Mutations

((You have extremely sharp teeth.))
When hurt, damage is shared between your health and your magic reserves.
((Your bite disrupts and absorbs the magic of your enemies.))
Potions cannot restore your health.
You are immune to rotting.


Message History

Crazy Yiuf misses you.
You hit Crazy Yiuf but do no damage.
Crazy Yiuf looks as sick as possible!
Crazy Yiuf is moderately wounded.
Crazy Yiuf hits you with a quarterstaff of chaos!
Ouch! That really hurt!
Crazy Yiuf draws strength from your wounds!
You hit Crazy Yiuf but do no damage.
Crazy Yiuf is lightly wounded.
You barely miss Crazy Yiuf.
Crazy Yiuf is lightly wounded.
Crazy Yiuf says, "Whiteboard spinner poople!"
Crazy Yiuf misses you.
You hit Crazy Yiuf.
Crazy Yiuf is moderately wounded.
Crazy Yiuf closely misses you.
You barely miss Crazy Yiuf.
Crazy Yiuf is severely wounded.
Crazy Yiuf screams, "Hah!"
Crazy Yiuf hits you with a quarterstaff of chaos!
You die...

....# #.....#
<#.#######...<.#
#..............#
#.......########
#.####### #.....#
♣♣♣♣♣### ÷.....###
#### ♣♣♣.♣....##
#.......#
#...#♣..♣......##
#.......#
#..gs.♣♣♣♣......#
#.......# #)..#♣♣
♣♣.....# #.......###
#### ♣♣##..#
..........# #.##
..((....#.# #.#
###.#####.#
########### #.# #
#..#
#.###.........####.#
###..##
#..................#
.##...#
#####........#######


You could see Crazy Yiuf.

Vanquished Creatures
  An ooze (D:2)
  A dart slug (D:2)
  4 bats (D:2)
  2 giant cockroaches
  4 goblins
  5 hobgoblins
  8 kobolds
  A quokka (D:2)
  A ball python (D:1)
  A frilled lizard (D:1)
  2 rats (D:2)
30 creatures vanquished.

Notes
Turn   | Place    | Note
-------+----------+-------------------------------------------
     0 | D:1      | pmoppi the Vine Stalker Transmuter began the quest for the Orb.
     0 | D:1      | Reached XP level 1. HP: 9/9 MP: 4/4
    99 | D:1      | Reached skill level 1 in Fighting
   239 | D:1      | Reached XP level 2. HP: 14/14 MP: 4/6
  1037 | D:2      | Reached XP level 3. HP: 13/18 MP: 5/7
  1047 | D:2      | Learned a level 3 spell: Spider Form
  1215 | D:2      | Found a runed door.
  1665 | D:2      | Noticed Crazy Yiuf
  1674 | D:2      | Slain by Crazy Yiuf

Vault maps used:
D:1:      enne_arrival_octagon_isle, st_stairs_4, minivault_26,
          item_on_display_a
D:2:      first_ration, grunt_ministairs_11, uniq_crazy_yiuf_cottage

Skill      XL: |  1  2  3 |
---------------+----------+-----
Fighting       | 1 |  1.4
Dodging        | 2 |  2.0
Unarmed Combat | |  3.7
Spellcasting   | |  2.2
Transmutations | |  2.0
Poison Magic   | |  0.3

Action                   || total
-------------------------++-------
Melee: Unarmed           ||   103
       Bite              ||    15
       Kick              ||     7
       Headbutt          ||     8
       Punch             ||     2
 Cast: Beastly Appendage ||    22
       Spider Form       ||     1
  Eat: Chunk             ||     2
Armor: Robe              ||    16
Dodge: Dodged            ||    71

Table legend:
 A = Spawn XP
 B = Non-spawn XP
 C = Spawn XP percentage of total XP
 D = Spawn monster count
 E = Non-spawn monster count
 F = Spawn count percentage of total count
 G = Total turns spent on level
                    A         B        C        D         E        F      G
               +---------+---------+-------+---------+---------+-------+---------
         Total |       0 |      56 |   0.0 |       0 |      30 |   0.0 |  1674
               +---------+---------+-------+---------+---------+-------+---------
           D:1 |       0 |      17 |   0.0 |       0 |      10 |   0.0 |   648
           D:2 |       0 |      39 |   0.0 |       0 |      20 |   0.0 |  1026
               +---------+---------+-------+---------+---------+-------+---------
